 Dungeon Crawl Stone Soup version 0.29.0-11-gd7f09526c8 (webtiles) character file.

Game seed: 537536371454337923

93 blackman the Ruffian (level 4, -3/33 HPs)
             Began as a Demonspawn Warper on Sept 4, 2022.
             Slain by a black bear (5 damage)
             ... on level 3 of the Dungeon.
             The game lasted 00:06:13 (3135 turns).

blackman the Ruffian (Demonspawn Warper)            Turns: 3135, Time: 00:06:14

Health: -3/33      AC:  5    Str: 14    XL:     4   Next: 36%
Magic:  7/7        EV: 11    Int: 14    God:
Gold:   156        SH:  0    Dex: 12    Spells: 7/7 levels left

rFire   . . .      SeeInvis .   s - +3 dagger (venom)
rCold   . . .      Faith    .   (no shield)
rNeg    . . .      Spirit   .   a - +0 leather armour
rPois   .          Reflect  .   (no helmet)
rElec   .          Harm     .   (no cloak)
rCorr   .          Rampage  .   m - +0 pair of gloves
Will    .....                   f - +0 pair of boots
Stlth   +.........              (no amulet)
HPRegen 0.11/turn               (no ring)
MPRegen 0.10/turn               (no ring)

@: about to teleport
A: powered by pain 2
a: no special abilities


You were on level 3 of the Dungeon.
You visited 1 branch of the dungeon, and saw 3 of its levels.

You collected 156 gold pieces.

Inventory:

Hand Weapons
 s - a +3 dagger of venom (weapon)
Missiles
 c - 7 boomerangs of dispersal (quivered)
 q - 3 poisoned darts
 u - 6 boomerangs
Armour
 a - a +0 leather armour (worn)
 f - a +0 pair of boots (worn)
 m - a +0 pair of gloves (worn)
Jewellery
 j - a ring of willpower
Scrolls
 b - 2 scrolls of blinking
 d - a scroll of teleportation
 g - 3 scrolls of identify {unknown}
 h - a scroll of immolation {unknown}
 i - a scroll of summoning {unknown}
 k - 2 scrolls of fear {unknown}
 l - a scroll of noise {unknown}
 p - 3 scrolls of enchant weapon {unknown}
Potions
 e - 2 potions of resistance {unknown}
 o - a potion of brilliance {unknown}
 r - a potion of curing {unknown}
 t - a potion of mutation {unknown}


   Skills:
 - Level 2.0 Fighting
 * Level 2.8 Throwing
 - Level 0.8 Armour
 - Level 1.7 Dodging
 - Level 3.1 Unarmed Combat
 - Level 2.0 Spellcasting
 - Level 2.6 Translocations


You had 7 spell levels left.
You didn't know any spells.
Your spell library contained the following spells:

 Spells                   Type           Power      Damage    Failure   Level
 Apportation              Tloc           16%        N/A       10%         1
 Blink                    Tloc           16%        N/A       14%         2
 Gell's Gravitas          Tloc           8%         N/A       28%         3
 Lesser Beckoning         Tloc           8%         N/A       28%         3
 Teleport Other           Tloc           8%         N/A       28%         3
 Manifold Assault         Tloc           8%         N/A       95%         5


Dungeon Overview and Level Annotations

Branches:
Dungeon (3/15)

Altars:
Yredelemnul


Innate Abilities, Weirdness & Mutations

You sometimes gain power by taking damage.


Message History

You throw a javelin.
The javelin pierces through the black bear!
The black bear is heavily wounded.
Throw: javelin
Press: ? - help, Shift-Dir - straight line, f/p - black bear
Aim: a black bear (heavily wounded, 67% to hit)
You throw a javelin.
The javelin barely misses the black bear.
You closely miss the black bear.
The black bear is heavily wounded.
The black bear bites you but does no damage.
The black bear claws you but does no damage. x2
You hit the black bear. Your punch misses the black bear.
The black bear is heavily wounded.
The black bear closely misses you.
The black bear claws you but does no damage.
The black bear completely misses you.
You barely miss the black bear.
The black bear is heavily wounded.
The black bear bites you. The black bear claws you. The black bear misses you.
You hit the black bear.
The black bear is poisoned.
The black bear is severely wounded.
The black bear bites you. The black bear claws you. x2
You barely miss the black bear.
The black bear is severely wounded.
The black bear goes berserk!
You barely miss the black bear.
The black bear is severely wounded.
The black bear barely misses you. The black bear claws you. x2
* * * LOW HITPOINT WARNING * * *
The black bear bites you.
* * * LOW HITPOINT WARNING * * *
The black bear closely misses you. The black bear claws you.
* * * LOW HITPOINT WARNING * * *
As you read the scroll labelled SOC DEGATARCHIGAZO, it crumbles to dust.
You feel strangely unstable.
It was a scroll of teleportation.
The black bear barely misses you.
The black bear claws you but does no damage.
The black bear claws you.
You die...

###########........###..#
.....## #>.......#
#..###### ##..[.#
#........# #..#....#
#....#
##.##'######..#....###
#....#
#.#...............'.#
#....#
#.#########..#....#.#
#....#
#...................#
#..).##
#############....#..#
#.....#
#h@........##.#..#
#.....#
#...((.#........<.....#
#####.#
########.#########.#.##
#.#
...................#.#
#.#
.#######.#.#####.#<#.#
#.# #.........#.#.# #.#
###.#######.#†# #.#
#.#######.#.# #.#
#.........#.#


You could see a black bear (berserk, very poisoned).

Vanquished Creatures
  4 adders
  3 dart slugs
  An orc (D:3)
  5 endoplasms
  3 giant cockroaches
  8 goblins
  2 hobgoblins (D:1)
  4 jackals (D:2)
  3 kobolds
  4 quokkas
  3 ball pythons
  4 bats
  A frilled lizard (D:1)
  2 rats
47 creatures vanquished.

Notes
Turn   | Place    | Note
-------+----------+-------------------------------------------
     0 | D:1      | blackman the Demonspawn Warper began the quest for the Orb.
     0 | D:1      | Reached XP level 1. HP: 16/16 MP: 3/3
    63 | D:1      | Reached skill level 2 in Unarmed Combat
   222 | D:1      | Gained mutation: You sometimes gain a little power by
                  | taking damage. [demonic ancestry]
   222 | D:1      | Reached XP level 2. HP: 19/22 MP: 5/5
   948 | D:2      | Reached skill level 1 in Throwing
  1013 | D:2      | Reached skill level 3 in Unarmed Combat
  1013 | D:2      | Gained mutation: You sometimes gain power by taking damage.
                  | [demonic ancestry]
  1013 | D:2      | Reached XP level 3. HP: 21/27 MP: 6/6
  1923 | D:2      | Found a basalt altar of Yredelemnul.
  2315 | D:3      | Found a faded altar of an unknown god.
  2321 | D:3      | Got Plato's Incunable of the Traveller
  2431 | D:3      | Reached XP level 4. HP: 30/33 MP: 7/7
  3126 | D:3      | Noticed a black bear
  3135 | D:3      | Slain by a black bear

Illustrated notes

Levels and vault maps discovered:
D:1:      dpeg_arrival_another_circle, layout_basic
D:2:      layout_basic, basic_altar
D:3:      layout_basic, shapermc_ecumenical_altar_rom_forum

Skill      XL: |  1  2  3 |
---------------+----------+-----
Unarmed Combat | 2 3 |  3.1
Throwing       | 1 2 |  2.8
Fighting       | |  2.0
Armour         | |  0.8
Dodging        | |  1.7
Spellcasting   | |  2.0
Translocations | |  2.6

Action                   |  1- 3 |  4- 6 || total
-------------------------+-------+-------++-------
Melee: Unarmed           |   172 |     6 ||   178
       Punch             |     3 |     1 ||     4
       Dagger            |       |    23 ||    23
Throw: Javelin           |       |     2 ||     2
  Use: Scroll            |       |     1 ||     1
Armor: Leather armour    |    65 |    12 ||    77
Dodge: Dodged            |   110 |    20 ||   130
